 Dungeon Crawl Stone Soup version 0.29-a0-563-g64e4043184 (webtiles) character file.

Game seed: 311076043006668392

406 spaghetti the Magician (level 7, -1/45 HPs)
             Began as a Djinni Earth Elementalist on June 12, 2022.
             Slain by a phantom (3 damage)
             ... on level 4 of the Dungeon.
             The game lasted 00:03:01 (2340 turns).

spaghetti the Magician (Djinni Earth Elementalist)  Turns: 2340, Time: 00:03:01

Health: -1/45      AC:  2    Str: 10    XL:     7   Next: 12%
Gold:   117        EV: 12    Int: 22    God:
                   SH:  0    Dex: 14

rFire   + + .      SeeInvis .   i - +8 hunting sling "Qaimog" {venom, Str+3 Int+4, sling}
rCold   x . .      Faith    .   (no shield)
rNeg    . . .      Spirit   .   a - +0 robe
rPois   ∞          Reflect  .   (no helmet)
rElec   .          Harm     .   (no cloak)
rCorr   .          Rampage  .   (no gloves)
Will    .....                   (boots unavailable)
Stlth   ++........              (no amulet)
HPRegen 0.15/turn               (no ring)
MPRegen 0.00/turn               (no ring)

@: flying, very slightly contaminated
A: sickness immunity, fire resistance 2, cold vulnerability 1, float, innate
caster, HP casting, extra vitality 1
a: no special abilities


You were on level 4 of the Dungeon.
You visited 1 branch of the dungeon, and saw 4 of its levels.

You collected 117 gold pieces.


Innate Abilities, Weirdness & Mutations

You are immune to sickness and miasma.
You are immune to poison.
Your flesh is very heat resistant. (rF++)
You are vulnerable to cold. (rC-)
You float through the air rather than walking.
You learn spells naturally, not from books.
Your magical power is your life essence.
You have superior vitality. (+4 MHP)


   Skills:
 - Level 2.1 Dodging
 - Level 1.5 Stealth
 + Level 5.8 Spellcasting


You had one spell level left.
You knew the following spells:

 Your Spells              Type           Power      Damage    Failure   Level
a - Sandblast             Erth           62%        2d14      1%          1
b - Passwall              Tmut/Erth      25%        N/A       1%          2
c - Stone Arrow           Conj/Erth      62%        3d10      2%          3
d - Petrify               Tmut/Erth      31%        N/A       9%          4
e - Freeze                Ice            100%       1d11      1%          1
f - Ensorcelled Hibernat  Hex/Ice        62%        N/A       1%          2
g - Ignite Poison         Fire/Tmut/Pois 31%        N/A       2%          3
Your spell library was empty.

Inventory:

Hand Weapons
 c - a +0 club {mace}
   (You took it off a goblin on level 2 of the Dungeon)
 i - the +8 hunting sling "Qaimog" (weapon) {venom, Str+3 Int+4, sling}
   (You found it on level 4 of the Dungeon)

   Any ammunition fired from it poisons the flesh of those it strikes.
   Str:       It affects your strength (+3).
   Int:       It affects your intelligence (+4).
Missiles
 m - 48 stones {throwing}
 o - 6 poisoned darts {throwing}
Armour
 a - a +0 robe (worn)
 n - an orb of wrath
   (You found it on level 3 of the Dungeon)
Magical Staves
 e - a staff of earth {!astaff}
   (You found it on level 2 of the Dungeon)
Jewellery
 r - a ring of flight
   (You found it on level 3 of the Dungeon)
Scrolls
 b - 3 scrolls of enchant armour {unknown}
 d - a scroll of fear {unknown}
 f - 3 scrolls of identify {unknown}
 g - a scroll of fog {unknown}
 h - a scroll of poison {unknown}
 j - a scroll of torment {unknown}
Potions
 k - a potion of haste {@q3}
 p - a potion of curing {unknown}
 q - 2 potions of flight {unknown}

Dungeon Overview and Level Annotations

Branches:
Dungeon (4/15)
 Temple: D:4-7

Altars:

Shops:
D:2

: ### ### #.. ..# # #.#
#.#.# #.# ###.#. #.#
#.... ##.###########.#.#
# #..........[...#.#.##
................@W!.#
)..)............).>.#
..###.########.#........
..#......# #.#......##
..#......# #.#......#
..#....### #.#......#
.........# ..........#
.######### .....##....
.....#


You could see a phantom.


Message History

You are too injured to fight recklessly!
You are too injured to fight recklessly!
You are too injured to fight recklessly!
You are too injured to fight recklessly!
You are too injured to fight recklessly!
You are too injured to fight recklessly!
You are too injured to fight recklessly!
You are too injured to fight recklessly!
You are too injured to fight recklessly!
You are too injured to fight recklessly!
You are too injured to fight recklessly!
You are too injured to fight recklessly!
You are too injured to fight recklessly!
You are too injured to fight recklessly!
You are too injured to fight recklessly!
You are too injured to fight recklessly!
You are too injured to fight recklessly!
You are too injured to fight recklessly!
You are too injured to fight recklessly!
You are too injured to fight recklessly!
You are too injured to fight recklessly!
Unknown command.
Fire: i) +8 hunting sling "Qaimog" {venom, Str+3 Int+4, sling}
Press: ? - help, Q - select action, (/) - cycle Shift-Dir - straight line, f - orc
Aim: an orc, wielding a +0 flail and wearing a +0 chain mail (72% to hit)
You shoot a sling bullet. The sling bullet hits the orc.
The orc closely misses you.
Fire: i) +8 hunting sling "Qaimog" {venom, Str+3 Int+4, sling}
Press: ? - help, Q - select action, (/) - cycle Shift-Dir - straight line, f/p - orc
Aim: an orc, wielding a +0 flail and wearing a +0 chain mail (almost dead, 72% to hit)
You shoot a sling bullet. The sling bullet hits the orc.
You kill the orc!
The orc hits you with a +0 mace!
A phantom comes into view.
The orc hits you with a +0 mace.
The orc hits you with a +1 whip of venom. 😮 HP[-13]
You take 13 damage, and now have 23/45 hp.
MASSIVE DAMAGE!! (PAUSE)
Casting: Stone Arrow (dangerous; 2% risk of failure)
Confirm with . or Enter, or press ? or * to list all spells.
Aiming: Stone Arrow (dangerous; 2% risk of failure)
Press: ? - help, Shift-Dir - straight line, f - orc
Aim: an orc, wielding a +1 whip of venom and wearing a +0 scale mail (77% to hit)
The stone arrow hits the orc!
You kill the orc!
* * * LOW HITPOINT WARNING * * *
The orc hits you with a +0 mace.
* * * LOW HITPOINT WARNING * * *
😨 HP[-9]
You take 9 damage, and now have 14/45 hp.
Casting: Stone Arrow (dangerous; 2% risk of failure)
Confirm with . or Enter, or press ? or * to list all spells.
Aiming: Stone Arrow (dangerous; 2% risk of failure)
Press: ? - help, Shift-Dir - straight line, f - orc
Aim: an orc, wielding a +0 mace and wearing a +0 scale mail (77% to hit)
The stone arrow hits the orc!!
You kill the orc!
* * * LOW HITPOINT WARNING * * *
😱 HP[-3]
You take 3 damage, and now have 11/45 hp.
Casting: Stone Arrow (dangerous; 2% risk of failure)
Confirm with . or Enter, or press ? or * to list all spells.
Aiming: Stone Arrow (dangerous; 2% risk of failure)
Press: ? - help, Shift-Dir - straight line, f - phantom
Aim: a phantom (64% to hit)
The stone arrow hits the phantom!
* * * LOW HITPOINT WARNING * * *
😱 HP[-2]
You take 2 damage, and now have 9/45 hp.
Casting: Stone Arrow (dangerous; 2% risk of failure)
Confirm with . or Enter, or press ? or * to list all spells.
Aiming: Stone Arrow (dangerous; 2% risk of failure)
Press: ? - help, Shift-Dir - straight line, f/p - phantom
Aim: a phantom (heavily damaged, 64% to hit)
The stone arrow hits the phantom!
* * * LOW HITPOINT WARNING * * *
😱 HP[-3]
You take 3 damage, and now have 6/45 hp.
Casting: Stone Arrow (dangerous; 2% risk of failure)
Confirm with . or Enter, or press ? or * to list all spells.
Aiming: Stone Arrow (dangerous; 2% risk of failure)
Press: ? - help, Shift-Dir - straight line, f/p - phantom
Aim: a phantom (almost destroyed, 64% to hit)
You miscast Stone Arrow.
You are very lightly contaminated with residual magic.
Nothing appears to happen.
* * * LOW HITPOINT WARNING * * *
😱 HP[-3]
You take 3 damage, and now have 3/45 hp.
Casting: Stone Arrow (dangerous; 2% risk of failure)
Confirm with . or Enter, or press ? or * to list all spells.
Aiming: Sandblast (safe; 1% risk of failure)
Press: ? - help, Shift-Dir - straight line, f/p - phantom
Aim: a phantom (almost destroyed, 75% to hit)
You miscast Sandblast.
Nothing appears to happen.
* * * LOW HITPOINT WARNING * * *
The phantom hits you.
You die...

Skill      XL: |  1  2  3  4  5 |
---------------+----------------+-----
Spellcasting   | 3 4 5 |  5.8
Dodging        | |  2.1
Stealth        | |  1.5

Action                   |  1- 3 |  4- 6 |  7- 9 || total
-------------------------+-------+-------+-------++-------
Melee: Unarmed           |     2 |       |       ||     2
 Fire: Hunting sling     |       |     8 |     9 ||    17
 Cast: Sandblast         |    21 |    13 |       ||    34
       Stone Arrow       |     4 |     6 |     4 ||    14
  Use: Potion            |       |     3 |       ||     3
Armor: Robe              |     6 |     2 |       ||     8
Dodge: Dodged            |    12 |    13 |     2 ||    27

Levels and vault maps discovered:
D:1:      dpeg_arrival_snail, layout_basic,
          shapermc_ecumenical_altar_mp_vishouse, minivault_4,
          nicolae_shop_unique_rings
D:2:      layout_loops_ring, serial_shops, shop_statue, grunt_decor_mini_mirrors
D:3:      layout_loops_ring, uniq_jessica, uniq_sigmund
D:4:      layout_basic, uniq_duvessa, uniq_eustachio, uniq_pikel

Notes
Turn   | Place    | Note
-------+----------+-------------------------------------------
     0 | D:1      | spaghetti the Djinni Earth Elementalist began the quest for
                  | the Orb.
     0 | D:1      | Reached XP level 1. HP: 15/15 MP: 0/0
     0 | D:1      | magus.rc [v1.9.6]
     6 | D:1      | You are sucked into a shaft and drop 1 floor!
   163 | D:2      | Reached XP level 2. HP: 14/21 MP: 0/0
   282 | D:2      | Reached skill level 3 in Spellcasting
   282 | D:2      | Reached XP level 3. HP: 13/25 MP: 0/0
   282 | D:2      | Learned a level 1 spell: Freeze
   787 | D:2      | Found Nilyem's Book Shoppe.
  1187 | D:3      | Noticed Jessica
  1189 | D:3      | Killed Jessica
  1190 | D:3      | Reached XP level 4. HP: 30/31 MP: 0/0
  1549 | D:3      | Reached skill level 4 in Spellcasting
  1979 | D:3      | Reached XP level 5. HP: 32/35 MP: 0/0
  1979 | D:3      | Learned a level 2 spell: Ensorcelled Hibernation
  2073 | D:3      | Noticed Sigmund
  2079 | D:3      | Killed Sigmund
  2080 | D:3      | Reached skill level 5 in Spellcasting
  2080 | D:3      | Reached XP level 6. HP: 37/40 MP: 0/0
  2273 | D:4      | Identified the +8 hunting sling "Qaimog" {venom, Str+3
                  | Int+4}
  2294 | D:4      | Noticed Eustachio
  2302 | D:4      | Killed Eustachio
  2303 | D:4      | Reached XP level 7. HP: 45/45 MP: 0/0
  2303 | D:4      | Learned a level 3 spell: Ignite Poison
  2340 | D:4      | Slain by a phantom

Vanquished Creatures
  Sigmund (D:3)
  Eustachio (D:4)
  Jessica (D:3)
  6 adders
  2 worms (D:3)
  2 dart slugs (D:2)
  5 orcs (D:4)
  4 ball pythons
  4 bats (D:3)
  2 hobgoblins
  2 kobolds
  A quokka (D:4)
  2 frilled lizards
  2 goblins
  A rat (D:2)
36 creatures vanquished.

Table legend:
 A = Non-vault XP
 B = Vault XP
 C = Vault XP percentage of total XP
 D = Non-vault monster count
 E = Vault monster count
 F = Vault count percentage of total count
                 A         B        C        D         E       F
            +---------+---------+-------+---------+---------+-------
      Total |     139 |     442 |  76.1 |      33 |       3 |   8.3
            +---------+---------+-------+---------+---------+-------
        D:2 |      43 |       0 |   0.0 |      11 |       0 |   0.0
        D:3 |      63 |     251 |  79.9 |      14 |       2 |  12.5
        D:4 |      33 |     191 |  85.3 |       8 |       1 |  11.1
            +---------+---------+-------+---------+---------+-------

Illustrated notes

Table legend:
 A = Kills in this place as a percentage of kills in entire the game.
 B = Kills by you in this place as a percentage of kills by you in the entire game.
 C = Kills by friends in this place as a percentage of kills by friends in the entire game.
 D = Other kills in this place as a percentage of other kills in the entire game.
 E = Experience gained in this place as a percentage of experience gained in the entire game.
 F = Experience gained in this place divided by the number of levels of this place that you have seen.
                   A       B       C       D       E      F
               +-------+-------+-------+-------+-------+----------------------
         Total | 100.0 | 100.0 |   N/A |   N/A | 100.0 | 145.2
       Dungeon | 100.0 | 100.0 |   N/A |   N/A | 100.0 | 145.2
               +-------+-------+-------+-------+-------+----------------------

Table legend: (Time is in decaauts)
 A = Elapsed time spent in this place.
 B = Non-inter-level travel time spent in this place.
 C = Inter-level travel time spent in this place.
 D = Time resting spent in this place.
 E = Time spent auto-exploring this place.
 F = Levels seen in this place.
 G = Mean time per level.
                   A        B        C        D        E       F      G
               +--------+--------+--------+--------+--------+-----+--------+
         Total |   2381 |   2344 |     37 |    162 |   1946 |   4 |  595.2 |
       Dungeon |   2381 |   2344 |     37 |    162 |   1946 |   4 |  595.2 |
               +--------+--------+--------+--------+--------+-----+--------+

Top non-repeatable levels by time:
     D:3: 1340 daAuts
     D:2: 957 daAuts
     D:4: 77 daAuts
     D:1: 6 daAuts
